 Dungeon Crawl Stone Soup version 0.19-a0-1498-g0b85ae9 (webtiles) character file.

4665 epen the Martial Artist (level 10, 0/82 HPs)
             Began as a Merfolk Monk on Sept 10, 2016.
             Was a Believer of Cheibriados.
             Slain by a centaur warrior
             ... wielding a +0 short sword
              (1 damage)
             ... on level 7 of the Dungeon.
             The game lasted 00:16:44 (8997 turns).

epen the Martial Artist (Merfolk Monk)              Turns: 8997, Time: 00:16:45

Health: 0/82       AC: 10    Str: 19    XL:     10   Next: 44%
Magic:  15/17      EV: 40    Int: 17    God:    Cheibriados [**....]
Gold:   391        SH:  0    Dex: 28    Spells: 0 memorised, 19 levels left

rFire  . . .     SeeInvis .       - Unarmed
rCold  . . .     Gourm    +     C - +2 robe
rNeg   . . .     Faith    .     (no shield)
rPois  .         Spirit   .     r - +0 helmet (curse)
rElec  .         Dismiss  .     s - +1 cloak
rCorr  .         Reflect  .     (no gloves)
MR     .....     Harm     .     (boots currently unavailable)
Stlth  +++++.....               w - amulet of the gourmand
                                B - +4 ring of evasion
                                y - ring of wizardry

@: agile, lethally poisoned (0 -> 0), slow
A: change form in water, swift swim, stealthy swim, rugged brown scales 1,
yellow scales 1, blurry vision 1
a: Bend Time, Renounce Religion


You were on level 7 of the Dungeon.
You worshipped Cheibriados.
Cheibriados was pleased with you.
You were very full.

You visited 2 branches of the dungeon, and saw 9 of its levels.

You collected 391 gold pieces.

Inventory:

Armour
 a - a +0 robe
 h - a +0 ring mail
 r - a cursed +0 helmet (worn)
 s - a +1 cloak (worn)
 C - a +2 robe (worn)
Jewellery
 e - an uncursed ring of protection from cold {unknown}
 w - an amulet of the gourmand (around neck)
 y - a ring of wizardry (left hand)
 B - a +4 ring of evasion (right hand)
Wands
 p - a wand of teleportation (0/9)
 D - a wand of iceblast (8/15)
Scrolls
 c - 5 scrolls of remove curse
 n - a scroll of fog
 o - 2 scrolls of magic mapping
 q - 2 scrolls of random uselessness
Potions
 i - a potion of resistance
 m - 2 potions of haste
 t - a potion of agility
 u - a potion of brilliance
 z - a potion of flight
Books
 v - a book of Battle

   Spells                             Type                      Level
   a - Infusion                       Charms                       1
   b - Shroud of Golubria             Charms/Translocation         2
   c - Song of Slaying                Charms                       2
   d - Spectral Weapon                Hexes/Charms                 3
   e - Regeneration                   Charms/Necromancy            3
Comestibles
 b - 7 bread rations
 f - 9 fruits
 g - a meat ration
 k - a royal jelly


   Skills:
 + Level 8.1 Fighting
 + Level 10.1 Dodging
 - Level 2.1 Stealth
 * Level 11.0 Unarmed Combat
 + Level 5.2 Spellcasting


You had 19 spell levels left.
You didn't know any spells.

Dungeon Overview and Level Annotations

Branches:
Dungeon (8/15)             Temple (1/1) D:7
   Lair: D:8-11

Altars:
Ashenzari
Cheibriados
Dithmenos
Elyvilon
Fedhas
Gozag
Kikubaaqudgha
Makhleb
Okawaru
Qazlal
Ru
Uskayaw
Vehumet
Xom
Yredelemnul
Zin
The Shining One

Shops:
D:5 =   D:6 (   D:7 %

Annotations:
D:4 Menkaure


Innate Abilities, Weirdness & Mutations

You revert to your normal form in water.
You are very nimble and swift while swimming.
You are very stealthy in the water.
You are partially covered in rugged brown scales. (AC +1, +3% HP)
You are partially covered in yellow scales. (AC +2)
Scrolls take you a little longer to read.


Message History

The quokka skeleton bites the plant.
The centaur warrior completely misses you.
You hit the centaur warrior.
The centaur warrior is heavily wounded.
The quokka skeleton bites the plant but does no damage.
The centaur warrior completely misses you.
An ogre comes into view. It is wielding a giant club.
The ogre shouts!
You punch the centaur warrior! You tail-slap the centaur warrior.
The centaur warrior is severely wounded.
* * * LOW HITPOINT WARNING * * *
You feel sick.
The centaur warrior completely misses you.
The quokka skeleton bites the plant.
You closely miss the centaur warrior.
You tail-slap the centaur warrior, but do no damage.
You punch the centaur warrior.
The centaur warrior is severely wounded.
The centaur warrior hits you with an uncursed short sword.
You die...

...# #....#####. .###
#............ ..## #.#....##.#.#
...# #.##......O.
...########......##..
##......##...###..(# .......#%..
#.>.##.....#####.>## ...###.####
###.###...####†..≈.####.##..#...
##.....T......PP@≈≈≈.S...##....#.
.#...#......#.Zc♣♣≈≈≈≈...#####.##
...#.#<####..P.♣♣♣♣♣≈P#..#####.##
##.#.#.# ##PP≈♣ ≈≈............
.......#####P.P♣ ♣♣≈P.#.....l...
.#..#...#.....≈♣♣♣♣≈P#.#....###.#
##.####.......P≈PP♣≈P#...##..##.#
..... #.......≈≈≈≈P≈P...####.h#..
#.##.##........P≈P......##.....#.


You could see a centaur warrior, an ogre, an adder and a quokka skeleton.

Vanquished Creatures
  The ghost of Gruesome the Basher, a novice GrFi of the Shining One (D:7)
  Pikel (D:5)
  A troll (D:7)
  A two-headed ogre (D:7)
  2 wyverns (D:7)
  A hippogriff (D:7)
  A vampire mosquito (D:7)
  2 water moccasins
  A slave (D:5)
  2 ice beasts
  An orc warrior (D:6)
  3 sky beasts
  An ogre (D:6)
  3 centaurs
  A giant frog (D:6)
  A gnoll sergeant (D:7)
  Blork the orc (D:5)
  A water moccasin zombie (D:6)
  2 scorpions (D:4)
  7 killer bees (D:7)
  4 howler monkeys
  2 crimson imps
  2 hounds
  Crazy Yiuf (D:3)
  A giant frog skeleton (D:6)
  An orc wizard (D:3)
  2 iguanas
  6 worker ants
  A hound zombie (D:6)
  2 hound skeletons
  9 gnolls
  11 adders
  A shadow imp (D:7)
  An ooze (D:3)
  An adder zombie (D:7)
  4 worms
  A dart slug (D:1)
  6 giant geckos
  18 orcs
  A ball python (D:1)
  10 bats
  8 goblins
  8 hobgoblins
  22 jackals
  5 quokkas
  6 giant newts
  6 kobolds
  11 rats
185 creatures vanquished.

Vanquished Creatures (others)
  A hound (D:6)
  A centaur skeleton (D:6)
  A goblin (D:2)
  5 plants (D:7)
8 creatures vanquished.

Grand Total: 193 creatures vanquished

Notes
Turn   | Place    | Note
-------+----------+-------------------------------------------
     0 | D:1      | epen the Merfolk Monk began the quest for the Orb.
     0 | D:1      | Reached XP level 1. HP: 18/18 MP: 1/1
    38 | D:1      | Reached XP level 2. HP: 16/24 MP: 2/2
   145 | D:1      | Found a shattered altar of Ashenzari.
   546 | D:1      | Reached XP level 3. HP: 21/29 MP: 3/3
   995 | D:2      | Found a glowing golden altar of the Shining One.
  1002 | D:2      | Noticed an angel
  1013 | D:2      | Found a basalt altar of Yredelemnul.
  1041 | D:2      | Reached skill level 4 in Unarmed Combat
  1295 | D:2      | Reached XP level 4. HP: 34/37 MP: 4/4
  1762 | D:2      | Reached skill level 5 in Dodging
  1933 | D:3      | Reached XP level 5. HP: 20/42 MP: 5/5
  1969 | D:3      | Reached skill level 5 in Unarmed Combat
  2277 | D:3      | Found a runed door.
  2475 | D:3      | Noticed Crazy Yiuf
  2482 | D:3      | Killed Crazy Yiuf
  2589 | D:4      | Reached XP level 6. HP: 49/49 MP: 6/6
  3275 | D:4      | Reached skill level 6 in Unarmed Combat
  3275 | D:4      | Reached skill level 1 in Spellcasting
  3406 | D:4      | Reached XP level 7. HP: 22/55 MP: 8/8
  3760 | D:4      | Noticed Menkaure
  3791 | D:5      | Entered Level 5 of the Dungeon
  3850 | D:5      | Noticed Blork the orc
  3857 | D:5      | Killed Blork the orc
  4028 | D:5      | Reached skill level 5 in Fighting
  4789 | D:5      | Reached skill level 7 in Unarmed Combat
  4789 | D:5      | Reached XP level 8. HP: 62/62 MP: 11/11
  4854 | D:5      | Found Moakucuu's Jewellery Shop.
  5123 | D:6      | Noticed Pikel
  5207 | D:5      | Killed Pikel
  5207 | D:5      | Reached skill level 8 in Unarmed Combat
  5675 | D:6      | Found Degougud's Weapon Shop.
  5752 | D:6      | Noticed a hill giant
  6310 | D:6      | Reached XP level 9. HP: 16/70 MP: 14/14
  6720 | D:6      | Reached skill level 9 in Unarmed Combat
  7489 | D:7      | Noticed Gruesome's ghost (novice GrFi)
  7637 | D:7      | Noticed a five-headed hydra
  8112 | D:7      | Found a staircase to the Ecumenical Temple.
  8114 | D:7      | Found Sutaesk's Food Shop.
  8121 | Temple   | Entered the Ecumenical Temple
  8156 | Temple   | Became a worshipper of Cheibriados the Contemplative
  8156 | Temple   | Reached * piety under Cheibriados
  8156 | Temple   | Reached ** piety under Cheibriados
  8161 | Temple   | Learned a level 3 spell: Spectral Weapon
  8176 | D:7      | Found a shimmering altar of Xom.
  8299 | D:7      | Noticed a troll
  8361 | D:7      | Killed Gruesome's ghost
  8361 | D:7      | Reached skill level 10 in Unarmed Combat
  8667 | D:7      | Reached XP level 10. HP: 79/79 MP: 17/17
  8793 | D:7      | Reached skill level 5 in Spellcasting
  8854 | D:7      | HP: 4/80 [black bear (2)]
  8964 | D:7      | Reached *** piety under Cheibriados
  8967 | D:7      | Reached skill level 10 in Dodging
  8973 | D:7      | Noticed a centaur warrior
  8976 | D:7      | HP: 3/80 [killer bee (4)]
  8978 | D:7      | Gained mutation: You are partially covered in rugged brown scales. (AC +1, +3% HP) [potion of mutation]
  8978 | D:7      | Gained mutation: Scrolls take you a little longer to read. [potion of mutation]
  8978 | D:7      | Gained mutation: You are partially covered in yellow scales. (AC +2) [potion of mutation]
  8980 | D:7      | HP: 1/82 [troll (2)]
  8988 | D:7      | Reached skill level 11 in Unarmed Combat
  8989 | D:7      | HP: 1/82 [poisoned by a killer bee]
  8996 | D:7      | HP: 1/82 [poisoned by a killer bee]
  8997 | D:7      | Slain by a centaur warrior

Vault maps used:
D:1:      dpeg_arrival_brainrot, evilmike_ruin_ashenzari
D:2:      grunt_temple_overflow_holy_war
D:3:      uniq_crazy_yiuf_cottage
D:4:      first_bread, uniq_menkaure
D:5:      serial_shops, shop, uniq_blork_the_orc
D:6:      serial_shops, nicolae_shop_crystal, uniq_pikel
D:7:      overflow_temple_1_default, serial_shops, shop, the_bakery,
          serial_bayou_pond_c, minmay_the_grid_plus
Temple:   eino_temple_lava

Skill      XL: |  1  2  3  4  5  6  7  8  9 10 |
---------------+-------------------------------+-----
Unarmed Combat | 4 5 6 7 8 10 11 | 11.0
Fighting       | 4 5 6 7 8 |  8.1
Dodging        | 5 6 7 8 9 10 | 10.1
Spellcasting   | 1 2 3 4 5 |  5.2
Stealth        | |  2.1

Action                   |  1- 3 |  4- 6 |  7- 9 | 10-12 || total
-------------------------+-------+-------+-------+-------++-------
Melee: Unarmed           |   138 |   281 |   545 |   126 ||  1090
       Punch             |     1 |    11 |    33 |    12 ||    57
       Tailslap          |       |       |       |    13 ||    13
Invok: Temporal Distorti |       |       |       |     1 ||     1
Evoke: Wand              |       |       |       |     2 ||     2
  Use: Scroll            |     1 |       |    14 |       ||    15
       Potion            |       |       |     5 |     4 ||     9
 Stab: Sleeping          |     6 |     3 |     2 |       ||    11
  Eat: Chunk             |     1 |    17 |    21 |       ||    39
Armor: Robe              |    12 |       |    51 |    11 ||    74
       Ring mail         |    13 |    81 |    42 |       ||   136
Dodge: Dodged            |    85 |   201 |   405 |   202 ||   893
